AoeStats
← NDF

MegaRandom

504891712Analyzed
2v2 RM · 26d ago on Sep 7, 2026· 62m 17s· 4 players
Game mode
Random Map
Map size
Medium (4 player)
Population
200
Speed
Normal
Resources
Standard
Victory
Conquest
Starting age
Dark Age
Ending age
Imperial Age
RankedLock teamsTeams togetherTeam positionsShared explorationLock speedFull tech treeHidden civsTurbo modeCheats
Victory
Defeat
🇧🇷 Byzantines · Brazil
825
+10
🇭🇷 Cumans · Croatia
767
+12
🇦🇷 Teutons · Argentina
675
-11
🇦🇷 Spanish · Argentina
674
-11
Antheus Inmitis
8:09 Loom
14:17 Feudal Age
15:37 Fishing Lines
15:47 Double-Bit Axe
16:49 Wheelbarrow
16:36 Horse Collar
17:29 Town Watch
27:55 Castle Age
26:01 Scale Mail Armor
26:12 Forging
26:21 Man-at-Arms
29:00 Chain Mail Armor
29:22 Iron Casting
28:14 Long Swordsman
28:54 Squires
29:27 Caravan
30:01 Gold Mining
30:01 Elite Skirmisher
30:47 Thumb Ring
31:29 Bow Saw
32:59 Gold Shaft Mining
36:02 Hand Cart
36:23 Heavy Plow
39:06 Thumb Ring
39:30 Bloodlines
41:57 Imperial Age
39:40 Padded Archer Armor
39:31 Fletching
42:27 Pikeman
44:13 Conscription
43:18 Cavalier
46:44 Guilds
47:04 Scale Barding Armor
48:12 Two-Man Saw
47:55 Gold Shaft Mining
47:19 Stone Mining
53:01 Bodkin Arrow
57:06 Chemistry
60:24 Two-Handed Swordsman
Cesar
3:35 Loom
12:24 Feudal Age
17:43 Castle Age
15:58 Double-Bit Axe
16:27 Horse Collar
22:55 Pikeman
30:01 Wheelbarrow
31:02 Heavy Plow
30:55 Gold Mining
37:03 Imperial Age
35:02 Murder Holes
35:41 Treadmill Crane
37:30 Husbandry
41:43 Hoardings
45:23 Hand Cart
45:53 Conscription
48:23 Chemistry
47:44 Ballistics
49:34 Bow Saw
49:56 Crop Rotation
49:19 Stone Mining
50:12 Gold Shaft Mining
49:03 Heavy Camel Rider
49:56 Forging
49:52 Scale Barding Armor
51:02 Fletching
51:49 Iron Casting
52:02 Caravan
54:25 Chain Barding Armor
54:56 Bodkin Arrow
57:23 Two-Man Saw
56:27 Bracer
57:03 Plate Barding Armor
NDF
14:19 Loom
16:21 Feudal Age
18:49 Man-at-Arms
23:24 Bloodlines
23:14 Arson
24:56 Horse Collar
29:56 Castle Age
28:06 Double-Bit Axe
32:07 Bow Saw
31:57 Gold Mining
32:04 Stone Mining
32:41 Squires
32:01 Pikeman
33:24 Stone Shaft Mining
39:26 Demolition Ship
49:48 Imperial Age
51:16 Masonry
51:53 Scale Barding Armor
54:39 Two-Man Saw
54:23 Wheelbarrow
55:01 Fishing Lines
56:33 Forging
56:25 Scale Mail Armor
56:26 Padded Archer Armor
57:07 Guard Tower
60:31 Coinage
estebanpa
15:23 Feudal Age
13:39 Loom
16:34 Fishing Lines
17:05 Double-Bit Axe
22:57 Castle Age
21:15 Bloodlines
23:50 Squires
23:10 Pikeman
28:29 Scale Mail Armor
31:04 Gillnets
31:20 Horse Collar
33:11 Heavy Plow
33:59 Murder Holes
37:26 Redemption
37:28 Fervor
41:28 Imperial Age
39:41 Bow Saw
40:53 Ballistics
45:20 Block Printing
45:32 Illumination
46:00 Cavalier
47:58 Two-Man Saw
48:20 Husbandry
47:54 Paladin
52:02 Scale Barding Armor
53:18 Chain Barding Armor
53:16 Chain Mail Armor
53:11 Forging
56:10 Plate Barding Armor
56:06 Plate Mail Armor
Connection lost

Rejoining the realm…

Still unreachable

The connection could not be restored.

Session expired

The server has moved on; the page needs a fresh start.